 Dungeon Crawl Stone Soup version 0.26-a0-859-gf57989e088 (webtiles) character file.

Game seed: 1176239411083985451

226 Decritt the Cutter (level 6, -5/47 HPs)
             Began as a Human Gladiator on Nov 25, 2020.
             Slain by a centaur skeleton (7 damage)
             ... on level 4 of the Dungeon.
             The game lasted 00:05:39 (1895 turns).

Decritt the Cutter (Human Gladiator)                Turns: 1895, Time: 00:05:39

Health: -5/47      AC:  5    Str: 15    XL:     6   Next: 21%
Magic:  6/6        EV: 14    Int:  8    God:
Gold:   56         SH:  0    Dex: 16    Spells: 5/5 levels left

rFire    . . .     SeeInvis .   a - +0 rapier
rCold    . . .     Faith    .   (no shield)
rNeg     . . .     Spirit   .   b - +0 leather armour
rPois    .         Reflect  .   c - +1 helmet
rElec    .         Harm     .   (no cloak)
rCorr    .         Rampage  .   (no gloves)
MR       .....                  (no boots)
Stlth    +.........             (no amulet)
HPRegen  0.15/turn              (no ring)
MPRegen  0.10/turn              (no ring)

@: mighty, about to teleport
A: no striking features
a: no special abilities


You were on level 4 of the Dungeon.
You visited 1 branch of the dungeon, and saw 3 of its levels.

You collected 56 gold pieces.

Inventory:

Hand Weapons
 a - a +0 rapier (weapon)
Missiles
 j - 19 poisoned darts (quivered)
Armour
 b - a +0 leather armour (worn)
 c - a +1 helmet (worn)
Scrolls
 e - a scroll of identify {unknown}
 g - a scroll of fear


   Skills:
 + Level 3.1 Fighting
 * Level 4.7 Short Blades
 - Level 2.0 Throwing
 + Level 2.2 Armour
 + Level 3.9 Dodging


You had 5 spell levels left.
You didn't know any spells.
Your spell library was empty.

Dungeon Overview and Level Annotations

Branches:
Dungeon (2/15)

Altars:


Message History

The centaur skeleton misses you. The centaur skeleton barely misses you.
The centaur skeleton hits you.
* * * LOW HITPOINT WARNING * * *
The centaur skeleton misses you.
The centaur skeleton closely misses you.
The centaur skeleton completely misses you.
The centaur skeleton hits you.
* * * LOW HITPOINT WARNING * * *
As you read the scroll labelled DYIC ATINA, it crumbles to dust.
It is a scroll of enchant armour.
Your +0 helmet glows green for a moment.
The centaur skeleton barely misses you.
As you read the scroll labelled GAOCUSA GIUF, it crumbles to dust.
You feel strangely unstable.
It was a scroll of teleportation.
The centaur skeleton misses you.
As you read the scroll labelled QAUXOUVEINE, it crumbles to dust.
You feel blessed for a moment.
It was a scroll of remove curse.
The centaur skeleton barely misses you. The centaur skeleton hits you!
You die...

#......##....####
........#..#..#
..........##..#
.........####..#
........## #.# #.
.......## ..#####...
........# #......#
#.......# #....#
#.).†.#.## #@.# #..)[.#..#
#Z## #.....##.## ###..###
#.........####......###
#..........#.....#....##
#................###...#
#................##...##
#............#...#....#
#.......###..........#####


You could see a centaur skeleton.

Vanquished Creatures
  2 howler monkeys (D:4)
  An orc wizard (D:4)
  2 worker ants (D:4)
  4 adders (D:2)
  An ooze (D:2)
  A dart slug (D:2)
  2 leopard geckos (D:1)
  2 orcs (D:4)
  A ball python (D:1)
  A giant cockroach (D:2)
  4 goblins
  5 hobgoblins
  2 jackals (D:1)
  3 kobolds
  4 bats (D:1)
  2 frilled lizards
  A rat (D:2)
38 creatures vanquished.

Vanquished Creatures (others)
  A plant (D:4)
1 creature vanquished.

Grand Total: 39 creatures vanquished

Notes
Turn   | Place    | Note
-------+----------+-------------------------------------------
     0 | D:1      | Decritt the Human Gladiator began the quest for the Orb.
     0 | D:1      | Reached XP level 1. HP: 16/16 MP: 1/1
   239 | D:1      | Reached XP level 2. HP: 21/22 MP: 2/2
  1064 | D:2      | Reached XP level 3. HP: 14/27 MP: 3/3
  1074 | D:2      | Reached skill level 1 in Armour
  1203 | D:2      | Reached XP level 4. HP: 28/34 MP: 4/4
  1570 | D:2      | You fall into a shaft and drop 2 floors!
  1594 | D:4      | Reached skill level 4 in Short Blades
  1594 | D:4      | Reached XP level 5. HP: 35/39 MP: 5/5
  1856 | D:4      | Reached XP level 6. HP: 43/47 MP: 6/6
  1892 | D:4      | HP: 2/47 [centaur skeleton (3)]
  1895 | D:4      | Slain by a centaur skeleton

Illustrated notes

Levels and vault maps discovered:
D:1:      lemuel_arrival_lava_pool, layout_basic
D:2:      layout_basic
D:4:      corexii_shack_village, layout_layer_cave, kennysheep_mini_moat,
          minmay_temple_entry_enclosed_plants, gammafunk_ghost_stat_death,
          grunt_ministairs_4

Skill      XL: |  1  2  3  4  5 |
---------------+----------------+-----
Armour         | 1 2 |  2.2
Short Blades   | 4 |  4.7
Fighting       | 3 |  3.1
Throwing       | |  2.0
Dodging        | |  3.9

Action                   |  1- 3 |  4- 6 || total
-------------------------+-------+-------++-------
Melee: Rapier            |    68 |    94 ||   162
Throw: Throwing net      |     5 |       ||     5
       Dart              |       |    29 ||    29
  Use: Potion            |     2 |     1 ||     3
       Scroll            |     1 |     5 ||     6
 Stab: Sleeping          |     1 |       ||     1
Armor: Leather armour    |    22 |    23 ||    45
Dodge: Dodged            |    59 |   108 ||   167

Table legend: (Time is in decaauts)
 A = Elapsed time spent in this place.
 B = Non-inter-level travel time spent in this place.
 C = Inter-level travel time spent in this place.
 D = Time resting spent in this place.
 E = Time spent auto-exploring this place.
 F = Levels seen in this place.
 G = Mean time per level.
                   A        B        C        D        E       F      G
               +--------+--------+--------+--------+--------+-----+--------+
         Total |   1893 |   1883 |     10 |    104 |   1375 |   3 |  631.0 |
       Dungeon |   1893 |   1883 |     10 |    104 |   1375 |   3 |  631.0 |
               +--------+--------+--------+--------+--------+-----+--------+

Top non-repeatable levels by time:
     D:1: 1040 daAuts
     D:2: 532 daAuts
     D:4: 321 daAuts
